 Dungeon Sprint DCSS version 0.29.1-12-g30fa7ad0bf (webtiles) character file.

Game seed: 6891367054922753891

2351 Groucho the Unseen (level 9, -12/46 HPs)
             Began as a Felid Berserker on Dec 27, 2022.
             Was a High Priest of Trog.
             Mangled by a spriggan rider
             ... wielding a +0 spear
              (24 damage)
             ... in the Dungeon (Sprint IV: "Fedhas' Mad Dash").
             The game lasted 00:04:31 (3390 turns).

Groucho the Unseen (Felid Berserker)                Turns: 3390, Time: 00:04:32

Health: -12/46     AC:  2    Str: 17    XL:     9   Next: 20%
Magic:  10/10      EV: 25    Int:  8    God:    Trog [*****.]
Gold:   163        SH:  0    Dex: 16    Spells: 8/8 levels left
                                        Lives:  0   Deaths: 2

rFire   . . .      SeeInvis +     - Unarmed
rCold   . . .      Faith    .   (shield unavailable)
rNeg    . . .      Spirit   .   (body armour unavailable)
rPois   .          Reflect  .   (helmet unavailable)
rElec   .          Harm     .   (cloak unavailable)
rCorr   .          Rampage  .   (gloves unavailable)
Will    +++..      NoTele   +   (boots unavailable)
Stlth   ++++++++..              g - amulet of invisibility {+Inv}
HPRegen 1.15/turn               (no ring)
MPRegen 0.12/turn               (no ring)

@: strong-willed, on berserk cooldown, regenerating, slowed, slow
A: very small, claws 1, fangs 3, see invisible, speed 1, shaggy fur 2, stealthy
paws, no weapons or thrown items, no armour, multi-lived
a: Renounce Religion, Evoke Invisibility, Berserk, Trog's Hand, Brothers in Arms


You were in the Dungeon.
You worshipped Trog.
Trog was extremely pleased with you.
You visited 1 branch You collected 163 gold pieces.

Inventory:

Jewellery
 g - the amulet of invisibility (around neck) {+Inv}
   (You found it in the Dungeon)

   [amulet of nothing]

   +Inv:      It lets you turn invisible.
Wands
 a - a wand of digging (6)
Scrolls
 b - a scroll of silence {unknown}
 f - 2 scrolls of blinking
 i - a scroll of fog {unknown}
Potions
 c - a potion of haste
 d - 2 potions of magic
 e - a potion of berserk rage
 h - 2 potions of degeneration {unknown}


   Skills:
 + Level 9.9 Fighting
 + Level 12.4 Dodging
 + Level 20.8 Stealth
 + Level 9.8 Unarmed Combat
 - Level 10.0 Evocations


You had 8 spell levels left.
You didn't know any spells.
Your spell library was empty.

Dungeon Overview and Level Annotations

Branches:
Dungeon (1/1)

Altars:
Cheibriados
Dithmenos
Elyvilon
Gozag
Hepliaklqana
Kikubaaqudgha
Makhleb
Nemelex Xobeh
Okawaru
Qazlal
Ru
Sif Muna
Trog
Uskayaw
Vehumet
Wu Jian
Xom
Yredelemnul
Zin
The Shining One
Jiyva
Lugonu


Innate Abilities, Weirdness & Mutations

You have sharp claws.
You have razor-sharp teeth.
You have supernaturally acute eyesight. (SInv)
You cover ground quickly. (Speed+)
You are covered in thick fur. (AC +2)
Your paws help you pounce on unaware monsters.
You are incapable of wielding weapons or throwing items.
You cannot wear armour.
You gain extra lives every three experience levels.


Message History

You miss the spriggan. Your bite misses the spriggan.
The spriggan is moderately wounded.
Your ogre misses the spriggan. The spriggan misses you.
You claw the spriggan!
The spriggan is severely wounded.
Your ogre barely misses the spriggan.
The spriggan closely misses you.
Unknown command.
You scratch the spriggan.
The spriggan is almost dead.
The spriggan completely misses you.
You miss the spriggan. Your bite misses the spriggan.
The spriggan is almost dead.
A spriggan rider comes into view. It is wielding a +0 spear.
The spriggan blocks your ogre's attack. The spriggan barely misses you.
Unknown command.
You mangle the spriggan!!
You kill the spriggan!
Trog accepts your kill.
Trog will now gift you melee weapons as you gain piety.
Unknown command.
Unknown command.
Unknown command.
The spriggan rider hits your ogre with a +0 spear!
Your ogre dies!
Your ogre's corpse disappears in a puff of smoke!
Unknown command.
Unknown command.
You feel a strong urge to attack something.
There is an open door, spattered with blood here.
You are no longer berserk.
You are exhausted.
You feel yourself slow down.
You close the door.
Something unseen opens the door.
The spriggan rider barely misses you.
The spriggan rider hits you from afar with a +0 spear!
* * * LOW HITPOINT WARNING * * *
The spriggan rider hits you from afar with a +0 spear!!
Ouch! That really hurt!
You die...

.#.(.'.._._._._._..'..#
.#...#..._._._._..†#..#
###'##.._._._._._..#.)#
.'...#._._._._._.⌠.############
.#...###################......###
######♣♣♣♣♣..♣.###.'.)'†i....i'.'
##.)'......♣..♣##:.#..#)P.....###
....#♣..♣♣♣.♣).###i##+##.P....#
....#.♣♣..♣...♣'@..# ########
####################


You could see a spriggan rider.

Vanquished Creatures
  A spriggan druid (D)
  6 oklob plants (D)
  A queen bee (D)
  2 burning bushes (D)
  A spriggan (D)
  A wandering mushroom (D)
  A scorpion (D)
  4 killer bees (D)
  5 oklob saplings (D)
  A river rat (D)
  A rat (D)
  A ballistomycete spore (D)
25 creatures vanquished.

Vanquished Creatures (collateral kills)
  A demonic crawler (D)
  A spriggan (D)
2 creatures vanquished.

Grand Total: 27 creatures vanquished

Notes
Turn   | Place    | Note
-------+----------+-------------------------------------------
     0 | D        | Groucho the Felid Berserker began the quest for the Orb.
     0 | D        | Reached XP level 1. HP: 10/10 MP: 2/2
     8 | D        | Reached skill level 5 in Stealth
     8 | D        | Reached XP level 2. HP: 14/14 MP: 3/3
   266 | D        | Noticed an oklob sapling
   270 | D        | Killed an oklob sapling
   271 | D        | Reached skill level 9 in Stealth
   271 | D        | Reached XP level 3. HP: 15/17 MP: 4/4
   686 | D        | Noticed a scorpion
   686 | D        | Found the amulet of invisibility {+Inv}
   688 | D        | Killed a scorpion
   688 | D        | Reached ** piety under Trog
   689 | D        | Reached skill level 12 in Stealth
   689 | D        | Reached XP level 4. HP: 21/21 MP: 5/5
   712 | D        | Found an opulent altar of Gozag.
   712 | D        | Found a hazy altar of Hepliaklqana.
   712 | D        | Found a snail-covered altar of Cheibriados.
   713 | D        | Found a viscous altar of Jiyva.
   713 | D        | Found a burning altar of Makhleb.
   713 | D        | Found a sparkling altar of Nemelex Xobeh.
   713 | D        | Found a sacrificial altar of Ru.
   713 | D        | Found a shimmering blue altar of Sif Muna.
   713 | D        | Found a bloodstained altar of Trog.
   713 | D        | Found an ornate altar of the Wu Jian Council.
   713 | D        | Found a shimmering altar of Xom.
   713 | D        | Found a basalt altar of Yredelemnul.
   714 | D        | Found an iron altar of Okawaru.
   714 | D        | Found a shadowy altar of Dithmenos.
   714 | D        | Found a glowing silver altar of Zin.
   715 | D        | Found an ancient bone altar of Kikubaaqudgha.
   715 | D        | Found a hide-covered altar of Uskayaw.
   716 | D        | Found a stormy altar of Qazlal.
   716 | D        | Found a white marble altar of Elyvilon.
   716 | D        | Found a glowing golden altar of the Shining One.
   717 | D        | Found a corrupted altar of Lugonu.
   717 | D        | Found a radiant altar of Vehumet.
   721 | D        | Reached skill level 13 in Stealth
   721 | D        | Reached XP level 5. HP: 24/24 MP: 3/6
   729 | D        | Killed from afar by an oklob sapling wizard
   730 | D        | Reached XP level 4. HP: -9/21 MP: 4/5
  1080 | D        | Reached skill level 14 in Stealth
  1080 | D        | Reached skill level 5 in Evocations
  1094 | D        | Noticed a queen bee
  1320 | D        | Reached *** piety under Trog
  1321 | D        | Reached XP level 5. HP: 24/24 MP: 3/6
  1327 | D        | Killed a queen bee
  1328 | D        | Reached skill level 16 in Stealth
  1328 | D        | Gained mutation: You are covered in thick fur. (AC +2)
                  | [Felid growth]
  1328 | D        | Reached XP level 6. HP: 26/28 MP: 4/7
  1341 | D        | Reached skill level 17 in Stealth
  1341 | D        | Reached **** piety under Trog
  1342 | D        | Reached XP level 7. HP: 19/31 MP: 5/8
  1861 | D        | Noticed an oklob plant
  1863 | D        | Killed an oklob plant
  1864 | D        | Reached skill level 5 in Fighting
  1864 | D        | Reached skill level 5 in Unarmed Combat
  1864 | D        | Reached skill level 10 in Evocations
  1875 | D        | Noticed a burning bush
  1886 | D        | Killed a burning bush
  1887 | D        | Reached skill level 18 in Stealth
  1887 | D        | Reached XP level 8. HP: 27/38 MP: 9/9
  2062 | D        | Noticed a burning bush
  2062 | D        | Noticed an oklob plant
  2063 | D        | Noticed a wandering mushroom
  2064 | D        | Killed a burning bush
  2992 | D        | Killed an oklob plant
  2993 | D        | Reached skill level 19 in Stealth
  3007 | D        | Noticed a spriggan druid
  3008 | D        | Killed a spriggan druid
  3009 | D        | Reached skill level 10 in Dodging
  3009 | D        | Reached XP level 9. HP: 44/44 MP: 10/10
  3051 | D        | Noticed an oklob plant conjurer
  3052 | D        | Killed an oklob plant conjurer
  3052 | D        | Reached ***** piety under Trog
  3329 | D        | Noticed an oklob plant
  3329 | D        | Noticed an oklob plant summoner
  3333 | D        | Noticed an oklob plant shifter
  3337 | D        | Killed an oklob plant
  3338 | D        | Reached skill level 20 in Stealth
  3339 | D        | Killed an oklob plant summoner
  3342 | D        | Killed an oklob plant shifter
  3352 | D        | Noticed a demonic crawler
  3366 | D        | Slain by a demonic crawler
  3367 | D        | Reached XP level 8. HP: -4/42 MP: 9/9
  3372 | D        | Killed a demonic crawler
  3373 | D        | Reached XP level 9. HP: 24/46 MP: 10/10
  3380 | D        | Noticed a spriggan rider
  3390 | D        | Mangled by a spriggan rider

Illustrated notes

Levels and vault maps discovered:
D:        dungeon_sprint_fedhas [sprint_temple]

Skill      XL: |  1  2  3  4  5  6  7  8  9 |
---------------+----------------------------+-----
Stealth        | 5 9 12 14 16 17 18 19 20 | 20.8
Evocations     | 6 9 10 | 10.0
Fighting       | 5 8 9 |  9.9
Dodging        | 7 12 11 | 12.4
Unarmed Combat | 5 8 9 |  9.8

Action                   |  1- 3 |  4- 6 |  7- 9 || total
-------------------------+-------+-------+-------++-------
Melee: Unarmed           |     4 |    22 |    51 ||    77
       Bite              |       |     1 |     7 ||     8
       Punch             |       |       |     5 ||     5
Invok: Berserk           |     2 |       |     2 ||     4
       Trog's Hand       |       |       |     4 ||     4
       Brothers in Arms  |       |       |     2 ||     2
 Abil: Evoke Invisibilit |       |     4 |     4 ||     8
  Use: Potion            |       |       |     2 ||     2
 Stab: Sleeping          |     1 |     1 |     8 ||    10
       Invisible         |       |     8 |     2 ||    10
Dodge: Dodged            |       |    15 |    38 ||    53
